 Dungeon Crawl Stone Soup version 0.17-a0-1115-g0372368 (webtiles) character file.

152 Lokkij the Twirler (level 5, -10/32 HPs)
             Began as a Tengu Gladiator on May 23, 2015.
             Was an Initiate of Qazlal.
             Mangled by an ogre
             ... wielding a cursed -2 giant club
              (20 damage)
             ... on level 4 of the Dungeon.
             The game lasted 00:05:45 (3171 turns).

Lokkij the Twirler (Tengu Gladiator)                Turns: 3171, Time: 00:05:45

Health: -10/32     AC:  4    Str: 16    XL:     5   Next: 34%
Magic:  6/6        EV: 13    Int: 13    God:    Qazlal [......]
Gold:   160        SH:  0    Dex: 15    Spells: 0 memorised, 4 levels left

rFire  . . .     SeeInvis .     a - +0 quarterstaff
rCold  . . .     Clarity  .     b - +0 leather armour
rNeg   . . .     SustAt   .     (no shield)
rPois  .         Gourm    .     c - +0 hat
rElec  .         Spirit   .     (no cloak)
rCorr  .         Warding  .     o - +0 pair of gloves
rMut   .         Stasis   .     (boots unavailable)
MR     +....                    r - amulet of faith
Stlth  +.........               (no ring)
                                q - ring of protection from magic

@: brilliant, somewhat resistant to hostile enchantments, very unstealthy
A: beak, talons 3, able to fly 1
a: Fly, Renounce Religion


You were on level 4 of the Dungeon.
You worshipped Qazlal.
Qazlal was noncommittal.
You were near starving.

You visited 1 branch of the dungeon, and saw 4 of its levels.

You collected 160 gold pieces.

Inventory:

Hand weapons
 a - a +0 quarterstaff (weapon)
Missiles
 d - 3 throwing nets (quivered)
Armour
 b - a +0 leather armour (worn)
 c - a +0 hat (worn)
 o - a +0 pair of gloves (worn)
Jewellery
 q - a ring of protection from magic (left hand)
 r - an amulet of faith (around neck)
Scrolls
 g - 5 scrolls of identify {unknown}
 h - a scroll of enchant weapon {unknown}
 j - a scroll of enchant armour {unknown}
 k - a scroll of fear {unknown}
 m - 3 scrolls of fog {unknown}
 v - a scroll of immolation {unknown}
Potions
 s - a potion of poison
 t - a potion of magic
 u - a potion of might {unknown}
 x - a potion of flight {unknown}
Comestibles
 e - 4 bread rations
 f - 4 meat rations
 w - a beef jerky


   Skills:
 + Level 3.1 Fighting
 * Level 5.8 Staves
 - Level 2.1 Throwing
 - Level 3.2 Dodging


You had 4 spell levels left.
You didn't know any spells.

Dungeon Overview and Level Annotations

Branches:
Dungeon (4/15)
 Temple: D:4-7

Altars:
Qazlal


Innate Abilities, Weirdness & Mutations

You have a beak for a mouth.
You have claws for feet.
You can fly.


Message History

You feel clever all of a sudden. The ogre hits you with a giant club!!
Ouch! That really hurt!
* * * LOW HITPOINT WARNING * * *
Drink which item? (? for menu, Esc to quit)
You feel better.
You feel less invigorated. The ogre misses you.
You hit the adder skeleton. Your kick misses the adder skeleton.
The adder skeleton barely misses you.
You barely miss the adder skeleton. Your kick misses the adder skeleton.
The adder skeleton bites you but does no damage.
You hit the adder skeleton. You claw the adder skeleton.
The adder skeleton bites you.
You sock the adder skeleton!
You destroy the adder skeleton!
Qazlal accepts your kill.
You hit the ogre. You claw the ogre, but do no damage. You peck the ogre.
The ogre is moderately wounded.
The ogre hits you with a giant club!!
Ouch! That really hurt!
You die...

.# #.....#
.############..####
...............#
#########......# #
######....#.### ###..#
###........<.#...##...#.#
....######...###.#......##
..### #...# #.#.......
..## ##.## #@#.....# #..#
#.# #O#.....#
##.########.# #.#.....#
##.....##...# #.......#
#####....### ##......#
###..##### #.#....#
#......###....#..#
#.............# ...
#.............# ..


You could see an ogre.

Vanquished Creatures
  A worker ant (D:4)
  The ghost of 4thArraOfDagon the Skirmisher, a weakling CeAK of Lugonu (D:3)
  4 adders
  An ooze (D:1)
  An adder skeleton (D:4)
  A worm (D:3)
  An orc (D:3)
  2 giant cockroaches
  3 hobgoblins
  2 quokkas
  A ball python (D:3)
  11 bats
  5 giant geckos
  6 giant newts
  10 goblins
  7 kobolds
  12 rats
69 creatures vanquished.

Vanquished Creatures (others)
  A worm (D:2)
1 creature vanquished.

Grand Total: 70 creatures vanquished

Notes
Turn   | Place    | Note
--------------------------------------------------------------
     0 | D:1      | Lokkij the Tengu Gladiator began the quest for the Orb.
     0 | D:1      | Reached XP level 1. HP: 12/12 MP: 2/2
   285 | D:1      | Reached XP level 2. HP: 17/17 MP: 3/3
   462 | D:1      | Reached skill level 4 in Staves
   574 | D:1      | Reached XP level 3. HP: 3/21 MP: 4/4
  1309 | D:2      | Reached skill level 5 in Staves
  1309 | D:2      | Reached XP level 4. HP: 23/27 MP: 5/5
  1473 | D:2      | Found a stormy altar of Qazlal.
  1485 | D:2      | Became a worshipper of Qazlal Stormbringer
  1957 | D:3      | Noticed 4thArraOfDagon's ghost (weakling CeAK)
  1978 | D:3      | Killed 4thArraOfDagon's ghost
  2806 | D:4      | Gained mutation: You can fly. [Tengu growth]
  2806 | D:4      | Reached XP level 5. HP: 17/32 MP: 6/6
  3156 | D:4      | Noticed an ogre
  3171 | D:4      | Mangled by an ogre

Vault maps used:
D:1:      dpeg_arrival_brainrot
D:2:      first_bread, hangedman_decor_slide_cut,
          nicolae_qazlal_eye_of_the_storm
D:4:      kennysheep_the_goblin_king

Action                   |  1- 3 |  4- 6 || total
-------------------------+-------+-------++-------
Melee: Quarterstaff      |    75 |    80 ||   155
  Use: Potion            |       |     8 ||     8
 Stab: Invisible         |       |     5 ||     5
       Sleeping          |       |     3 ||     3
  Eat: Chunk             |     1 |     3 ||     4
       Pizza             |       |     1 ||     1
